 Dungeon Crawl Stone Soup version 0.26-a0-651-gb41185065b (webtiles) character file.

Game seed: 15494266457513036586

8739 Flugslaktarn the Cleaver (level 11, -2/87 HPs)
             Began as a Human Fighter on Oct 26, 2020.
             Was an Initiate of Gozag.
             Slain by a two-headed ogre
             ... wielding a +0 giant club
              (4 damage)
             ... on level 10 of the Dungeon.
             The game lasted 00:06:05 (7717 turns).

Flugslaktarn the Cleaver (Human Fighter)            Turns: 7717, Time: 00:06:06

Health: -2/87      AC: 22    Str: 18    XL:     11   Next: 61%
Magic:  11/11      EV:  9    Int:  9    God:    Gozag
Gold:   1278       SH: 10    Dex: 14    Spells: 10/10 levels left

rFire    + . .     SeeInvis +   a - +0 war axe
rCold    + . .     Faith    .   h - +0 kite shield
rNeg     . . .     Spirit   .   B - +2 chain mail {rF+}
rPois    .         Reflect  .   k - +3 helmet "Lycuew" {Stlth+}
rElec    .         Harm     .   m - +2 cloak
rCorr    .         Rampage  .   (no gloves)
MR       .....                  n - +0 pair of boots
Stlth    ..........             g - amulet of regeneration
HPRegen  0.64/turn              i - ring of see invisible
MPRegen  0.12/turn              c - ring of protection from cold

@: mighty, lethally poisoned (-2 -> -3), gold aura, studying Dodging
A: no striking features
a: Potion Petition, Call Merchant, Bribe Branch, Renounce Religion


You were on level 10 of the Dungeon.
You worshipped Gozag.
Gozag was most pleased with you.
You visited 1 branch of the dungeon, and saw 10 of its levels.

You collected 1799 gold pieces.
You paid 521 gold pieces to Gozag.

Inventory:

Hand Weapons
 a - a +0 war axe (weapon)
Missiles
 p - a throwing net (quivered)
Armour
 h - a +0 kite shield (worn)
 k - the +3 helmet "Lycuew" (worn) {Stlth+}
   (You took it off Robin on level 2 of the Dungeon)

   It makes you more stealthy.
 m - a +2 cloak (worn)
   (You found it on level 1 of the Dungeon)
 n - a +0 pair of boots (worn)
   (You found it on level 10 of the Dungeon)
 B - a +2 chain mail of fire resistance (worn)
   (You took it off an orc on level 5 of the Dungeon)
Jewellery
 b - an uncursed amulet of guardian spirit
   (You found it on level 6 of the Dungeon)
 c - a ring of protection from cold (right hand)
   (You found it on level 7 of the Dungeon)
 g - an amulet of regeneration (around neck)
   (You found it on level 4 of the Dungeon)
 i - a ring of see invisible (left hand)
   (You found it on level 7 of the Dungeon)
Scrolls
 e - a scroll of immolation
 t - 6 scrolls of teleportation
 x - 2 scrolls of remove curse
 y - a scroll of enchant weapon
 z - 2 scrolls of blinking
Potions
 f - a potion of cancellation
 l - a potion of mutation
 o - a potion of magic
 v - a potion of flight
Books
 j - a manual of Dodging
   (You found it on level 7 of the Dungeon)
Miscellaneous
 C - a tin of tremorstones (1/3)
   (You found it on level 7 of the Dungeon)


   Skills:
 + Level 8.3 Fighting
 * Level 10.9 Axes
 + Level 8.2 Armour
 + Level 6.2 Dodging
 - Level 7.0 Shields
 + Level 2.6 Evocations


You had 10 spell levels left.
You didn't know any spells.
Your spell library was empty.

Dungeon Overview and Level Annotations

Branches:
Dungeon (10/15)            Temple (0/1) D:4
   Lair: D:8-11         Orc: D:9-12

Altars:
Cheibriados
Gozag
Sif Muna
Uskayaw
Wu Jian
Yredelemnul
Zin

Shops:
D:6 ?   D:10 (

Annotations:
D:2 Natasha
D:3 1 exclusion, Jessica
D:7 2 runed translucent doors
D:9 2 transporters, Cickilih's ghost, novice DEWz


Message History

You slash the two-headed ogre!
The two-headed ogre is moderately wounded.
You hit the hellwing but do no damage. You block the hellwing's attack.
The hellwing hits you but does no damage.
You slash the two-headed ogre!
The two-headed ogre is heavily wounded.
Your shield and chain mail prevent you from hitting the hellwing.
You feel sick. The two-headed ogre misses you.
The two-headed ogre hits you with a +0 giant club!
* * * LOW HITPOINT WARNING * * *
The hellwing hits you.
* * * LOW HITPOINT WARNING * * *
You block the hellwing's attack.
You barely miss the two-headed ogre.
The two-headed ogre is heavily wounded.
You hit the hellwing but do no damage.
You feel sick. The two-headed ogre closely misses you.
The two-headed ogre hits you with a +0 giant club.
You die...
Your body crumbles into a pile of gold.

#.#....... .## #.#..#...# ..#
#.#...#..# # #.# #...#.#..# ..
#####.# #........#.# ....).#
##...$......# .>....#
#....($....# ......#
#######.....$$...### ......###
#..4@OZ...($$$....?# ..).....#
#######..<$..$......# .....#..#
#.$...........#
.....#..###########.(............
.....#..............(............
.....#...##########.)............
########..#########$...........##
#..........().............
#.############.....∩....#


You could see a two-headed ogre, a hellwing and a centaur warrior zombie.

Vanquished Creatures
  A wizard (D:10)
  A wolf spider zombie (D:10)
  A manticore (D:7)
  A cyclops (D:8)
  2 centaur zombies (D:10)
  Maggie (D:10)
  A meliai (D:7)
  A troll (D:9)
  3 hippogriffs
  Sigmund (D:2)
  A vampire (D:9)
  A wraith (D:10)
  4 yaks
  A steam dragon (D:8)
  2 water moccasins
  A necrophage (D:9)
  2 ice beasts
  A sky beast (D:9)
  4 centaurs
  2 phantoms
  3 ogres
  A crocodile (D:7)
  A big kobold (D:10)
  A wyvern zombie (D:9)
  4 bullfrogs
  A gnoll sergeant (D:9)
  A wyvern skeleton (D:10)
  2 scorpions
  6 killer bees (D:10)
  2 howler monkeys
  5 wights (D:9)
  3 jellies
  A bullfrog zombie (D:6)
  2 centaur skeletons
  6 hounds
  6 orc wizards
  2 orc priests
  6 iguanas
  7 worker ants
  Natasha (D:2)
  A worker ant zombie (D:6)
  Robin (D:2)
  15 gnolls
  10 adders
  6 shadow imps
  A white imp (D:4)
  4 ufetubi
  2 adder zombies
  An adder skeleton (D:4)
  A worm (D:4)
  4 dart slugs
  4 leopard geckos
  17 orcs
  3 giant cockroaches
  16 goblins
  13 hobgoblins
  5 quokkas
  4 ball pythons
  8 bats
  A frilled lizard (D:4)
  12 kobolds
  8 rats
230 creatures vanquished.

Vanquished Creatures (others)
  9 withered plants (D:10)
9 creatures vanquished.

Grand Total: 239 creatures vanquished

Notes
Turn   | Place    | Note
-------+----------+-------------------------------------------
     0 | D:1      | Flugslaktarn the Human Fighter began the quest for the Orb.
     0 | D:1      | Reached XP level 1. HP: 18/18 MP: 1/1
    66 | D:1      | Reached XP level 2. HP: 24/24 MP: 2/2
   435 | D:1      | Reached XP level 3. HP: 29/29 MP: 3/3
   888 | D:2      | Noticed Natasha
   895 | D:2      | Identified the +3 helmet "Lycuew" {Stlth+}
   895 | D:2      | Noticed Robin
   896 | D:2      | Killed Natasha
   896 | D:2      | Reached skill level 3 in Axes
   896 | D:2      | Reached XP level 4. HP: 16/35 MP: 4/4
  1069 | D:2      | Killed Robin
  1190 | D:2      | Noticed Sigmund
  1205 | D:2      | Killed Sigmund
  1205 | D:2      | Reached skill level 4 in Axes
  1205 | D:2      | Reached XP level 5. HP: 35/42 MP: 5/5
  1205 | D:2      | Reached XP level 6. HP: 40/48 MP: 6/6
  1351 | D:2      | Found an opulent altar of Gozag.
  1401 | D:2      | Became a worshipper of Gozag Ym Sagoz the Greedy
  1587 | D:2      | Noticed Natasha
  1588 | D:2      | Found a glowing silver altar of Zin.
  2204 | D:3      | Noticed Jessica
  2514 | D:4      | Noticed an ogre
  2522 | D:4      | Killed an ogre
  2522 | D:4      | Reached XP level 7. HP: 52/54 MP: 7/7
  2771 | D:4      | Reached skill level 5 in Axes
  3091 | D:4      | Found a staircase to the Ecumenical Temple.
  3155 | D:5      | Entered Level 5 of the Dungeon
  3193 | D:5      | Reached XP level 8. HP: 21/61 MP: 8/8
  3585 | D:5      | Reached skill level 5 in Fighting
  3585 | D:5      | Reached skill level 5 in Shields
  3586 | D:5      | Reached skill level 6 in Axes
  3716 | D:5      | Reached skill level 5 in Armour
  3754 | D:5      | Found a shimmering blue altar of Sif Muna.
  3763 | D:5      | Found a snail-covered altar of Cheibriados.
  3766 | D:5      | Found a basalt altar of Yredelemnul.
  4052 | D:6      | Found Siluwoc's Magic Scroll Shoppe.
  4603 | D:6      | Reached XP level 9. HP: 43/68 MP: 9/9
  4707 | D:7      | Reached skill level 7 in Axes
  4741 | D:7      | Found a glowing silver altar of Zin.
  4847 | D:7      | Noticed a meliai
  4853 | D:7      | Killed a meliai
  4855 | D:7      | Noticed a manticore
  5014 | D:7      | Killed a manticore
  5014 | D:7      | Reached skill level 8 in Axes
  5132 | D:7      | Noticed a hippogriff
  5147 | D:7      | Killed a hippogriff
  5356 | D:7      | Reached XP level 10. HP: 37/77 MP: 10/10
  5780 | D:7      | Reached skill level 9 in Axes
  5812 | D:7      | Found a runed translucent door.
  5812 | D:7      | Found a runed translucent door.
  5812 | D:7      | Noticed a manticore
  6092 | D:8      | Reached skill level 1 in Dodging
  6371 | D:9      | Noticed a cyclops
  6382 | D:8      | Killed a cyclops
  6446 | D:9      | Noticed Cickilih's ghost (novice DEWz)
  6509 | D:9      | Found a transporter.
  6522 | D:9      | Found a transporter.
  6952 | D:9      | Reached skill level 10 in Axes
  7042 | D:9      | Found a hide-covered altar of Uskayaw.
  7170 | D:9      | Reached XP level 11. HP: 84/84 MP: 11/11
  7338 | D:9      | Found an ornate altar of the Wu Jian Council.
  7348 | D:10     | Entered Level 10 of the Dungeon
  7391 | D:10     | Noticed Maggie
  7392 | D:10     | Noticed a wizard
  7399 | D:10     | Killed a wizard
  7418 | D:10     | Reached skill level 1 in Evocations
  7425 | D:10     | Killed Maggie
  7425 | D:10     | Reached skill level 5 in Dodging
  7480 | D:10     | Found Woteiph's Antique Weapon Shoppe.
  7674 | D:10     | Noticed a two-headed ogre
  7716 | D:10     | HP: 4/87 [two-headed ogre/+0 giant club (14)]
  7717 | D:10     | Slain by a two-headed ogre

Illustrated notes

Levels and vault maps discovered:
D:1:      evilmike_arrival_hilbert_curve, layout_loops_ring
D:2:      layout_loops_ring, nicolae_overflow_hidden_temple,
          grunt_gozag_statues, uniq_sigmund, uniq_natasha, uniq_robin
D:3:      layout_basic, tgw_sif
D:4:      layout_gridville, lemuel_temple_firewalk_b
D:5:      layout_basic, grunt_temple_overflow_diamond
D:6:      layout_gridville, serial_shops, shop, minmay_misc_feat_secret_circle
D:7:      minmay_the_grid_four_pointed_star [minmay_the_grid_triangle_9x9_cache,
          minmay_the_grid_triangle_9x9_dagger,
          minmay_the_grid_triangle_9x9_tough_junction,
          minmay_the_grid_triangle_9x9_flanged_cone,
          minmay_the_grid_prize_diamond_cup], layout_cave_pools, basic_altar
D:8:      layout_rooms
D:9:      layout_cave_pools, lemuel_round_altar, kennysheep_mini,
          gammafunk_ghost_arena
D:10:     cheibrodos_grave_circle, layout_rooms, serial_shops,
          nicolae_shop_window_shopping, shop, nicolae_shop_trees,
          nicolae_shop_crystal, uniq_maggie

Skill      XL: |  1  2  3  4  5  6  7  8  9 10 11 |
---------------+----------------------------------+-----
Axes           | 3 4 5 6 8 10 | 10.9
Shields        | 4 5 6 7 |  7.0
Fighting       | 4 5 6 7 8 |  8.3
Armour         | 4 5 6 7 8 |  8.2
Dodging        | 4 6 |  6.2
Evocations     | 2 |  2.6

Action                   |  1- 3 |  4- 6 |  7- 9 | 10-12 || total
-------------------------+-------+-------+-------+-------++-------
Melee: War axe           |    87 |   102 |   341 |   443 ||   973
Invok: Potion Petition   |       |       |     1 |     1 ||     2
Evoke: Tin of tremorston |       |       |       |     3 ||     3
  Use: Scroll            |       |       |    20 |     4 ||    24
       Potion            |       |       |     4 |     3 ||     7
 Stab: Sleeping          |       |     1 |       |       ||     1
       Distracted        |       |       |     1 |     2 ||     3
Armor: Scale mail        |    61 |    64 |   121 |       ||   246
       Chain mail        |       |       |    83 |   347 ||   430
Dodge: Dodged            |    20 |    26 |   111 |   159 ||   316
Block: Kite shield       |    71 |    53 |   210 |   324 ||   658

Table legend: (Time is in decaauts)
 A = Elapsed time spent in this place.
 B = Non-inter-level travel time spent in this place.
 C = Inter-level travel time spent in this place.
 D = Time resting spent in this place.
 E = Time spent auto-exploring this place.
 F = Levels seen in this place.
 G = Mean time per level.
                   A        B        C        D        E       F      G
               +--------+--------+--------+--------+--------+-----+--------+
         Total |   7897 |   7448 |    449 |    600 |   4826 |  10 |  789.7 |
       Dungeon |   7897 |   7448 |    449 |    600 |   4826 |  10 |  789.7 |
               +--------+--------+--------+--------+--------+-----+--------+

Top non-repeatable levels by time:
     D:1: 1099 daAuts
     D:7: 1079 daAuts
     D:6: 947 daAuts
     D:2: 807 daAuts
     D:9: 802 daAuts
     D:4: 736 daAuts
     D:5: 732 daAuts
     D:3: 675 daAuts
     D:8: 644 daAuts
    D:10: 373 daAuts
